 Dungeon Crawl Stone Soup version 0.22.0-6-g71bd7aa (webtiles) character file.

10135 Loudmushroom the Cleaver (level 11, -2/99 HPs)
             Began as a Minotaur Berserker on Aug 14, 2018.
             Was a High Priest of Trog.
             Slain by a seven-headed hydra (3 damage)
             ... on level 11 of the Dungeon.
             The game lasted 01:31:51 (11431 turns).

Loudmushroom the Cleaver (Minotaur Berserker)      Turns: 11431, Time: 01:31:52

Health: -2/99      AC: 16    Str: 22    XL:     11   Next: 32%
Magic:  12/12      EV: 16    Int:  2    God:    Trog [*****.]
Gold:   237        SH:  0    Dex: 16    Spells: 10/10 levels left

rFire    . . .     SeeInvis .   k - +0 scythe
rCold    . . .     Gourm    .   (shield currently unavailable)
rNeg     + + .     Faith    +   L - +1 scale mail of Noughts and Crosses {rN++ Regen+ Int-2}
rPois    +         Spirit   .   (helmet restricted)
rElec    .         Reflect  .   f - +2 cloak
rCorr    .         Harm     .   (no gloves)
MR       +++..                  g - +2 pair of boots "Soeh" {Dex+3}
Stlth    ..........             F - amulet of faith
HPRegen  1.66/turn              s - ring of protection from magic
MPRegen  0.13/turn              h - ring of poison resistance

@: starving, regenerating
A: retaliatory headbutt, horns 2
a: Berserk, Trog's Hand, Brothers in Arms, Renounce Religion


You were on level 11 of the Dungeon.
You worshipped Trog.
Trog was extremely pleased with you.
You were starving.

You visited 1 branch of the dungeon, and saw 11 of its levels.

You collected 517 gold pieces.
You spent 280 gold pieces at shops.

Inventory:

Hand Weapons
 a - a +1 war axe
 b - a +5 hunting sling of flaming
 k - a +0 scythe (weapon)
 u - a +1 hand axe of electrocution
 y - a +0 blowgun
 W - a +0 shortbow
 Y - a +0 short sword
Missiles
 d - 256 stones
 e - 89 sling bullets
 i - 5 steel tomahawks
 p - 10 bolts
 x - 67 poisoned needles
 C - 202 arrows
 K - 4 tomahawks (quivered)
Armour
 f - a +2 cloak (worn)
 g - the +2 pair of boots "Soeh" (worn) {Dex+3}
   (You acquired it on level 7 of the Dungeon)

   It affects your dexterity (+3).
 L - the +1 scale mail of Noughts and Crosses (worn) {rN++ Regen+ Int-2}
   (You found it on level 6 of the Dungeon)

   It affects your intelligence (-2).
   It greatly protects you from negative energy.
   It increases your rate of regeneration.
 N - a +3 chain mail
 U - a +0 buckler of reflection
 Z - a +0 plate armour
Jewellery
 h - a ring of poison resistance (right hand)
 m - an uncursed ring of protection from magic
 s - a ring of protection from magic (left hand)
 F - an amulet of faith (around neck)
 O - an uncursed ring of flight
Wands
 t - a wand of paralysis (15)
 P - a wand of digging (9)
 Q - a wand of polymorph (18)
 R - a wand of iceblast (13)
Scrolls
 q - a scroll of fear
 v - 2 scrolls of magic mapping
 A - a scroll of teleportation
 B - 2 scrolls of blinking
 E - 3 scrolls of enchant armour
 I - a scroll of identify
 M - a scroll of remove curse
 X - a scroll of vulnerability
Potions
 j - a potion of might
 l - 3 potions of heal wounds {unknown}
 n - 3 potions of lignification
 o - 2 potions of brilliance {unknown}
 r - 2 potions of cancellation {unknown}
 w - a potion of resistance {unknown}
 z - 6 potions of curing
 D - 2 potions of ambrosia {unknown}
 G - a potion of flight {unknown}
 H - 2 potions of degeneration {unknown}
 J - a potion of haste {unknown}
 S - a potion of berserk rage {unknown}
 T - a potion of mutation {unknown}
Comestibles
 c - 21 rations


   Skills:
 + Level 9.9 Fighting
 * Level 13.1 Axes
 + Level 9.5 Armour
 + Level 8.8 Dodging
 + Level 4.0 Shields
 + Level 2.8 Evocations


You had 10 spell levels left.
You didn't know any spells.
Your spell library contained the following spells:

 Spells                   Type           Power        Failure   Level  Hunger
 Spider Form              Tmut/Pois      #.........   99%         3    ####...
 Blade Hands              Tmut           #.........   100%        5    ######.
 Ice Form                 Ice/Tmut       #.......     100%        4    #####..
 Sticks to Snakes         Tmut           #.......     91%         2    ###....
 Beastly Appendage        Tmut           #.....       82%         1    ##.....


Dungeon Overview and Level Annotations

Branches:
Dungeon (11/15)            Temple (0/1) D:6            Lair (0/6) D:11
    Orc (0/2) D:10

Altars:
Gozag
Kikubaaqudgha
Ru
Trog
Uskayaw
Vehumet
Xom
Yredelemnul
Beogh

Shops:
D:4 =   D:8 =

Annotations:
D:8 2 transporters


Innate Abilities, Weirdness & Mutations

You reflexively headbutt those who attack you in melee.
You have a pair of horns on your head.


Message History

The seven-headed hydra is moderately wounded.
The seven-headed hydra closely misses you.
The seven-headed hydra bites you but does no damage.
The seven-headed hydra closely misses you.
The seven-headed hydra bites you.
* * * LOW HITPOINT WARNING * * *
The seven-headed hydra closely misses you.
The seven-headed hydra bites you but does no damage.
The seven-headed hydra bites you!
* * * LOW HITPOINT WARNING * * *
You barely miss the seven-headed hydra. You headbutt the seven-headed hydra!
The seven-headed hydra is heavily wounded.
The seven-headed hydra misses you. You furiously retaliate!
You headbutt the seven-headed hydra.
The seven-headed hydra bites you but does no damage. x2
The seven-headed hydra bites you.
* * * LOW HITPOINT WARNING * * *
The seven-headed hydra completely misses you.
The seven-headed hydra bites you.
You die...

#############
#...........####
#<#....... # #.#
#...#.# > #.#
##.##.# .##.#
##.....##.. ...#
#.......... # #..#
#...##.##.#
#.#..####.@D# ...
#....^.............
#.<..........#.#.
#.........#.##.#
#######..##.# #..#
.# #... # #... ...


You could see a seven-headed hydra.

Vanquished Creatures
  A tengu warrior (D:9)
  An unseen horror (D:10)
  Pikel (D:5)
  An ugly thing (D:11)
  Joseph (D:8)
  Maurice (D:8)
  The ghost of Daviar the Slasher, a novice OpAK of Lugonu (D:5)
  A tengu conjurer (D:9)
  2 hippogriffs
  Sigmund (D:5)
  A yak (D:11)
  A wraith (D:10)
  A basilisk (D:11)
  4 hogs (D:7)
  A human (D:7)
  A hungry ghost (D:10)
  Menkaure (D:4)
  A water moccasin (D:8)
  2 hornet zombies (D:10)
  3 orc warriors
  A sky beast (D:10)
  5 ice beasts
  2 slaves (D:4)
  A black bear (D:10)
  A necrophage (D:10)
  5 ogres
  5 centaurs
  4 big kobolds
  5 bullfrogs
  A wyvern skeleton (D:10)
  3 scorpions
  8 killer bees
  9 howler monkeys
  4 crimson imps
  2 centaur zombies
  9 hounds
  2 jellies
  Crazy Yiuf (D:7)
  2 bullfrog skeletons
  5 orc priests
  A centaur skeleton (D:9)
  4 iguanas
  4 worker ants
  8 orc wizards
  A hound zombie (D:5)
  5 hound skeletons
  6 gnolls (D:4)
  5 adders
  3 shadow imps
  3 adder skeletons
  3 worms
  4 dart slugs (D:1)
  3 leopard geckos
  30 orcs
  5 ball pythons
  13 bats
  5 giant cockroaches
  4 goblins
  8 hobgoblins
  3 quokkas
  3 frilled lizards
  26 kobolds
  A quokka zombie (D:7)
  8 rats
258 creatures vanquished.

Vanquished Creatures (others)
  A crimson imp (D:5)
  An adder (D:5)
2 creatures vanquished.

Grand Total: 260 creatures vanquished

Notes
Turn   | Place    | Note
-------+----------+-------------------------------------------
     0 | D:1      | Loudmushroom the Minotaur Berserker began the quest for the Orb.
     0 | D:1      | Reached XP level 1. HP: 19/19 MP: 0/0
    94 | D:1      | Reached XP level 2. HP: 21/27 MP: 1/1
   383 | D:1      | Reached skill level 4 in Axes
   832 | D:1      | Reached ** piety under Trog
   843 | D:1      | Reached XP level 3. HP: 33/33 MP: 2/2
  1356 | D:2      | Found a faded altar of an unknown god.
  1577 | D:2      | Reached XP level 4. HP: 32/40 MP: 3/3
  2168 | D:3      | Found a hide-covered altar of Uskayaw.
  2173 | D:3      | Reached skill level 5 in Axes
  2712 | D:4      | Found a bloodstained altar of Trog.
  2767 | D:4      | Reached XP level 5. HP: 46/47 MP: 4/4
  2818 | D:4      | Noticed Menkaure
  2823 | D:4      | Killed Menkaure
  2823 | D:4      | Reached XP level 6. HP: 55/55 MP: 5/5
  2831 | D:4      | Found Odenid's Jewellery Shop.
  2882 | D:4      | Reached skill level 6 in Axes
  2964 | D:4      | Reached skill level 5 in Fighting
  3868 | D:5      | Entered Level 5 of the Dungeon
  3996 | D:5      | Noticed Sigmund
  4013 | D:5      | Killed Sigmund
  4013 | D:5      | Reached XP level 7. HP: 58/61 MP: 6/6
  4054 | D:5      | Noticed Pikel
  4145 | D:5      | Killed Pikel
  4145 | D:5      | Reached skill level 8 in Axes
  4145 | D:5      | Reached skill level 5 in Armour
  4145 | D:5      | Reached skill level 5 in Dodging
  4145 | D:5      | Reached XP level 8. HP: 58/70 MP: 7/7
  4524 | D:5      | Found a runed gate.
  4526 | D:5      | Found a runed gate.
  4527 | D:5      | Found a runed gate.
  4527 | D:5      | Noticed Daviar's ghost (novice OpAK)
  4875 | D:5      | Found a roughly hewn altar of Beogh.
  4896 | D:5      | Killed Daviar's ghost
  4896 | D:5      | Reached skill level 9 in Axes
  4910 | D:5      | Reached *** piety under Trog
  5244 | D:6      | Got a jewelled scale mail
  5369 | D:6      | Reached XP level 9. HP: 74/79 MP: 8/8
  5662 | D:6      | Found a staircase to the Ecumenical Temple.
  6139 | D:7      | Reached skill level 10 in Axes
  6303 | D:6      | Identified the +1 scale mail of Noughts and Crosses {rN++ Regen+ Int-2} (You found it on level 6 of the Dungeon)
  6415 | D:7      | Found a runed door.
  6547 | D:7      | Noticed Crazy Yiuf
  6553 | D:7      | Killed Crazy Yiuf
  6682 | D:7      | Reached skill level 11 in Axes
  6971 | D:7      | Found a sacrificial altar of Ru.
  7130 | D:7      | Identified a scroll of acquirement
  7131 | D:7      | Got a pair of ichor-stained boots
  7137 | D:7      | Identified the +2 pair of boots "Soeh" {Dex+3} (You acquired it on level 7 of the Dungeon)
  7249 | D:8      | Found a transporter.
  7279 | D:8      | Found a transporter.
  7279 | D:8      | Found a basalt altar of Yredelemnul.
  7283 | D:8      | Noticed a death knight
  7290 | D:8      | Found an ancient bone altar of Kikubaaqudgha.
  7321 | D:8      | Reached **** piety under Trog
  7442 | D:8      | Noticed Maurice
  7552 | D:8      | Killed Maurice
  7552 | D:8      | Reached XP level 10. HP: 90/90 MP: 9/9
  7810 | D:8      | Noticed Joseph
  7839 | D:8      | Killed Joseph
  7938 | D:8      | Found a shimmering altar of Xom.
  7944 | D:8      | Found a radiant altar of Vehumet.
  7944 | D:8      | Found Wiaf's Jewellery Emporium.
  8517 | D:9      | Reached skill level 12 in Axes
  8996 | D:9      | Reached skill level 1 in Shields
  9148 | D:9      | Found an opulent altar of Gozag.
  9158 | D:9      | Noticed a tengu warrior
  9162 | D:9      | Reached skill level 1 in Evocations
  9179 | D:9      | Killed a tengu warrior
  9445 | D:10     | Entered Level 10 of the Dungeon
  9523 | D:10     | Reached ***** piety under Trog
  9691 | D:4      | Bought an uncursed ring of poison resistance for 280 gold pieces
 10092 | D:10     | Found a staircase to the Orcish Mines.
 10127 | D:10     | Reached XP level 11. HP: 89/97 MP: 11/11
 10128 | D:10     | Killed an unseen horror
 10480 | D:10     | Received a gift from Trog
 10551 | D:10     | You fall through a shaft!
 10575 | D:11     | Found a staircase to the Lair.
 10676 | D:11     | Noticed a purple ugly thing
 10688 | D:11     | Killed a purple ugly thing
 10688 | D:11     | Reached skill level 13 in Axes
 11420 | D:11     | Noticed a four-headed hydra
 11430 | D:11     | HP: 4/99 [seven-headed hydra (13)]
 11431 | D:11     | HP: 1/99 [seven-headed hydra (6)]
 11431 | D:11     | Slain by a seven-headed hydra

Skill      XL: |  1  2  3  4  5  6  7  8  9 10 11 |
---------------+----------------------------------+-----
Axes           | 4 5 6 8 9 11 12 13 | 13.1
Armour         | 3 4 5 6 8 9 |  9.5
Fighting       | 4 5 6 7 8 9 |  9.9
Dodging        | 3 4 5 6 7 8 |  8.8
Shields        | 3 4 |  4.0
Evocations     | 2 |  2.8

Action                   |  1- 3 |  4- 6 |  7- 9 | 10-12 || total
-------------------------+-------+-------+-------+-------++-------
Melee: Hand axe          |    79 |   130 |   246 |   172 ||   627
       Headbutt          |    16 |    23 |    71 |   104 ||   214
       War axe           |       |       |       |   199 ||   199
       Scythe            |       |       |       |     4 ||     4
 Fire: Hunting sling     |       |       |     4 |     6 ||    10
       Shortbow          |       |       |     2 |       ||     2
Throw: Tomahawk          |       |       |       |     2 ||     2
Invok: Trog's Hand       |       |     2 |     1 |     2 ||     5
       Berserk           |       |     1 |     3 |       ||     4
  Use: Scroll            |       |     8 |     6 |     5 ||    19
  Eat: Chunk             |     2 |     7 |    11 |     8 ||    28
       Ration            |       |     1 |     1 |     1 ||     3
Armor: Animal skin       |     1 |       |       |       ||     1
       Leather armour    |     3 |       |       |       ||     3
       Ring mail         |    19 |     1 |       |       ||    20
       Chain mail        |       |    71 |    75 |       ||   146
       Scale mail        |       |       |    21 |   178 ||   199
Dodge: Dodged            |    57 |    70 |   137 |   244 ||   508
Block: Buckler           |       |       |       |    49 ||    49
       Reflection        |       |       |       |     2 ||     2
